 Dungeon Crawl Stone Soup version 0.31-a0-596-g831eee08f1 (webtiles) character file.

Game seed: 8153016344369182574

1673 avis the Mimic (level 9, -4/68 HPs)
             Began as a Merfolk Shapeshifter on Aug 20, 2023.
             Slain by a two-headed ogre
             ... wielding a +0 giant spiked club
              (7 damage)
             ... on level 8 of the Dungeon on Aug 21, 2023.
             The game lasted 00:28:26 (4969 turns).

avis the Mimic (Merfolk Shapeshifter)               Turns: 4969, Time: 00:28:27

Health: -4/68      AC:  9    Str: 14    XL:     9   Next: 1%
Magic:  9/9        EV: 13    Int:  6    God:
Gold:   341        SH:  5    Dex: 23    Spells: 8/8 levels left

rFire   . .          .
                       - Unarmed
rCold   . . .        k - +0 buckler
rNeg    + . .        A - +3 scale mail
rPois   .            (helmet currently unavailable)
rElec   .            (cloak currently unavailable)
rCorr   .            (gloves currently unavailable)
SInv    .            (boots currently unavailable)
Will    .....        (no amulet)
Stlth   ++           l - ring of positive energy
HPRegen 0.31/turn    (no ring)
MPRegen 0.11/turn

%: no passive effects
@: beast-form
A: beast (slay +4), (nimble swimmer 2), mertail, horns 2, agile 1, noise
suppression
a: Begin Untransformation


You were on level 8 of the Dungeon.
You were a hulking beast.
You visited 1 branch of the dungeon, and saw 6 of its levels.

You collected 341 gold pieces.

Inventory:

Hand Weapons
 a - the +6 flail of Disaster {drain, rF- rN++ Int+6}
   (You took it off a hobgoblin on level 2 of the Dungeon)

   Int+6:     It affects your intelligence (+6).
   rF-:       It makes you vulnerable to fire.
   rN++:      It greatly protects you from negative energy.
 h - a +0 dagger of speed
 x - a +0 shortbow
 z - a +1 dagger of venom
 D - a +0 dagger of holy wrath
 N - a +2 short sword of freezing
Missiles
 f - 4 darts of dispersal
 v - 6 javelins
 y - 4 silver javelins
 O - 5 poisoned darts
Armour
 g - a +0 cloak
 k - a +0 buckler (worn)
 p - a +0 helmet
 s - a +0 leather armour
 A - a +3 scale mail (worn)
Magical Staves
 e - a staff of fire
 q - a staff of death
 G - a staff of earth
Jewellery
 l - a ring of positive energy (left hand)
 M - an amulet of magic regeneration
Talismans
 c - a beast talisman (active)
 d - a flux talisman
Wands
 K - a wand of polymorph (12)
Scrolls
 b - a scroll of enchant weapon
 i - a scroll of brand weapon
 w - a scroll of fog
 F - 2 scrolls of immolation {unknown}
 H - a scroll of teleportation {unknown}
 L - a scroll of amnesia {unknown}
Potions
 j - a potion of attraction
 m - 2 potions of enlightenment {unknown}
 n - a potion of magic {unknown}
 o - a potion of might {unknown}
 r - a potion of heal wounds {unknown}
 t - a potion of mutation
 B - a potion of resistance {unknown}
 E - a potion of haste {unknown}
 I - a potion of degeneration {unknown}


   Skills:
 + Level 5.4 Fighting
 + Level 6.9 Dodging
 + Level 3.6 Stealth
 + Level 6.3 Unarmed Combat
 + Level 8.0 Shapeshifting


You had 8 spell levels left.
You didn't know any spells.
Your spell library was empty.

Dungeon Overview and Level Annotations

Branches:
Dungeon (5/15)
 Temple: D:4-7

Altars:
Dithmenos
Ru
Yredelemnul

Portals:
Ossuary: D:8


Innate Abilities, Weirdness & Mutations

You are a hulking beast.
Your limbs bulge with bestial killing power. (Slay +4)
((You are very nimble when in or above water. (Stealth+, EV+, Speed+++)))
Your lower body shifts to a powerful aquatic tail in water.
You have a pair of horns on your head.
You are agile. (Dex +4, Str/Int -1)
You passively dampen the noise of your surroundings.


Message History

You block the orc's attack.
The orc priest mumbles some strange prayers to Beogh against you.
Beogh smites you!
You hit the orc. You headbutt the orc.
You kill the orc!
The orc priest invokes the aid of Beogh against you.
Beogh smites you!
The two-headed ogre attacks as it pursues you!
The two-headed ogre barely misses you. The two-headed ogre closely misses you.
You punch the two-headed ogre!
The two-headed ogre is lightly wounded.
The two-headed ogre closely misses you.
The two-headed ogre hits you with a +0 giant spiked club!
You hit the two-headed ogre. You headbutt the two-headed ogre.
The two-headed ogre is moderately wounded.
You barely miss the two-headed ogre.
The two-headed ogre is moderately wounded.
You block the orc warrior's attack. The two-headed ogre closely misses you.
The two-headed ogre hits you with a +0 giant spiked club!!
The orc priest casts a cantrip, but nothing happens.
You barely miss the two-headed ogre. You headbutt the two-headed ogre.
The two-headed ogre is moderately wounded.
The orc warrior misses you. You block the two-headed ogre's attack.
The two-headed ogre hits you with a +0 giant spiked club!
* * * LOW HITPOINT WARNING * * *
You hit the two-headed ogre. You headbutt the two-headed ogre.
The two-headed ogre is heavily wounded.
The orc warrior barely misses you.
You punch the two-headed ogre!
The two-headed ogre is severely wounded.
The orc warrior closely misses you.
The two-headed ogre hits you but does no damage.
The two-headed ogre hits you with a +0 giant spiked club.
* * * LOW HITPOINT WARNING * * *
You hit the two-headed ogre.
The two-headed ogre is severely wounded.
The orc warrior hits you from afar with a +0 halberd.
* * * LOW HITPOINT WARNING * * *
The two-headed ogre hits you with a +0 giant spiked club!
You die...

######## #....
#.# #. .⌠.c #.#
#.# ..###.# #.#
###.## #.##.#
##.##. #..##.#
##.##..
#...##.#+#.##...
#...##...##...#
#...##h##...#
####...#O#...#
#......#oo###..
......)........#
###.............
#..∩..###.....
#.....# .....
#.....# ....
#.....## ....


You could see a two-headed ogre, an orc warrior and an orc priest.

Vanquished Creatures
  A wyvern (D:8)
  An acid dragon (D:8)
  A water moccasin (D:4)
  A black bear (D:8)
  2 ogres
  A sky beast (D:4)
  2 centaurs (D:8)
  A phantom (D:5)
  A kobold brigand (D:8)
  A bullfrog (D:4)
  A scorpion (D:5)
  2 hounds (D:4)
  3 orc priests
  3 iguanas
  A sleepcap (D:5)
  3 orc wizards
  Robin (D:2)
  3 gnolls (D:8)
  3 adders
  4 worms
  2 dart slugs
  9 orcs
  6 endoplasms
  4 giant cockroaches
  24 goblins
  13 hobgoblins
  3 quokkas
  10 ball pythons
  6 bats
  3 frilled lizards
  17 kobolds
  2 rats (D:1)
  A spectral orc (D:5)
136 creatures vanquished.

Notes
Turn   | Place    | Note
-------+----------+-------------------------------------------
     0 | D:1      | avis the Merfolk Shapeshifter began the quest for the Orb.
     0 | D:1      | Reached XP level 1. HP: 15/15 MP: 1/1
   366 | D:1      | Reached XP level 2. HP: 20/21 MP: 2/2
   999 | D:2      | Reached XP level 3. HP: 27/27 MP: 3/3
  1095 | D:2      | Identified the +6 flail of Disaster {drain, rF- rN++ Int+6}
  1141 | D:2      | Noticed Robin
  1170 | D:2      | Killed Robin
  1171 | D:2      | Reached XP level 4. HP: 26/33 MP: 4/4
  1885 | D:3      | Reached skill level 5 in Shapeshifting
  2272 | D:4      | Reached XP level 5. HP: 28/39 MP: 5/5
  2408 | D:4      | Reached XP level 6. HP: 45/47 MP: 6/6
  2429 | D:4      | Noticed a sky beast
  2429 | D:4      | Noticed a water moccasin
  2447 | D:4      | Gained mutation: You have hidden genetic potential. [potion
                  | of mutation]
  2447 | D:4      | Gained mutation: You are agile. (Dex +4, Str/Int -1)
                  | [potion of mutation]
  2447 | D:4      | Gained mutation: You have a pair of small horns on your
                  | head. [potion of mutation]
  2458 | D:4      | Killed a water moccasin
  2459 | D:4      | Reached skill level 6 in Shapeshifting
  2474 | D:4      | Reached XP level 7. HP: 29/52 MP: 7/7
  2479 | D:4      | Gained mutation: You have a pair of horns on your head.
                  | [hidden potential]
  2485 | D:4      | Reached skill level 5 in Dodging
  2938 | D:4      | Reached skill level 5 in Unarmed Combat
  2987 | D:4      | Found a sacrificial altar of Ru.
  2988 | D:4      | Found a shadowy altar of Dithmenos.
  3421 | D:5      | Entered Level 5 of the Dungeon
  3438 | D:5      | Reached skill level 7 in Shapeshifting
  3923 | D:5      | Reached XP level 8. HP: 58/60 MP: 8/8
  3950 | D:5      | Reached skill level 1 in Stealth
  3968 | D:5      | Gained mutation: You passively dampen the noise of your
                  | surroundings. [hidden potential]
  3968 | D:5      | Lost mutation: You have hidden genetic potential. [hidden
                  | potential expressed]
  4332 | D:5      | Found a basalt altar of Yredelemnul.
  4416 | D:5      | You fall into a shaft and drop 3 floors!
  4418 | D:8      | Noticed a wyvern
  4429 | D:8      | Killed a wyvern
  4607 | D:8      | Reached skill level 5 in Fighting
  4725 | D:8      | HP: 1/62 [gnoll/+0 whip[a gnoll sergeant] (7)]
  4808 | D:8      | Reached skill level 8 in Shapeshifting
  4808 | D:8      | Reached XP level 9. HP: 41/68 MP: 9/9
  4955 | D:8      | Found a sand-covered staircase.
  4957 | D:8      | Noticed a two-headed ogre
  4969 | D:8      | HP: 3/68 [orc warrior/+0 halberd (6)]
  4969 | D:8      | Slain by a two-headed ogre

Illustrated notes

Levels and vault maps discovered:
D:1:      zelgadis_glass_arrival_small, layout_loops_corners
D:2:      layout_rooms, minivault_5, minmay_heptomino_l4, uniq_robin
D:3:      layout_rooms
D:4:      kennysheep_the_goblin_king, layout_gridville, minitemple,
          minmay_divided_ellipse
D:5:      layout_basic, yredelemnul_forgotten_temple_becter
D:8:      layout_loops_corners, enter_ossuary_1, wad_hexagon

Skill      XL: |  1  2  3  4  5  6  7  8 |
---------------+-------------------------+-----
Dodging        | 3 4 5 6 |  6.9
Fighting       | 2 3 4 5 |  5.4
Shapeshifting  | 5 6 7 8 |  8.0
Unarmed Combat | 4 5 6 |  6.3
Stealth        | 3 |  3.6

Action                     |  1- 3 |  4- 6 |  7- 9 || total
---------------------------+-------+-------+-------++-------
  Melee: Unarmed           |    70 |    32 |   172 ||   274
         Flail             |    21 |    59 |       ||    80
         Headbutt          |       |     3 |    45 ||    48
    Use: Potion            |     3 |     2 |     1 ||     6
         Scroll            |       |       |     5 ||     5
   Stab: Sleeping          |     2 |       |       ||     2
 Armour: Animal skin       |     7 |       |       ||     7
         Skin              |    48 |    10 |       ||    58
         Leather armour    |     8 |     9 |       ||    17
         Scale mail        |       |    18 |    44 ||    62
  Dodge: Dodged            |    42 |    48 |    81 ||   171
  Block: Buckler           |    16 |    13 |    31 ||    60

Table legend: (Time is in decaauts)
 A = Elapsed time spent in this place.
 B = Non-inter-level travel time spent in this place.
 C = Inter-level travel time spent in this place.
 D = Time resting spent in this place.
 E = Time spent auto-exploring this place.
 F = Levels seen in this place.
 G = Mean time per level.
                   A        B        C        D        E       F      G
               +--------+--------+--------+--------+--------+-----+--------+
         Total |   4992 |   4693 |    299 |    896 |   2305 |   6 |  832.0 |
       Dungeon |   4992 |   4693 |    299 |    896 |   2305 |   6 |  832.0 |
               +--------+--------+--------+--------+--------+-----+--------+

Top non-repeatable levels by time:
     D:4: 1205 daAuts
     D:1: 1001 daAuts
     D:5: 939 daAuts
     D:2: 757 daAuts
     D:8: 548 daAuts
     D:3: 539 daAuts
